omghax, neutral male scurrid Tourist }}}}}}}}}}}}}}}}}}}}}}}}}}}}}}}}}}}}}}}}}}}}}}} }}}}}}}}}}}}}}}}}}}}}}}}}}}}}}}}}}}}}}}}}}}} }};}}}}}}.}}}}}}....`}}}}}}}}}}}}}}}}}}}} }}}}}}}....}}}}}.`..}}}}}}}}}}}}}}}}}} }...+}}}}}}}}}}...n}}}..}}}}}}}}}}} }...}}}}}}}}}}....}}}}..}}}}}}.} }...}}}}}}}}}}}}}}}}}}}}}}}}}}- }w..}}}}}}}}}}}}}}}}}}}}}}}}}.| }....}}}}}...}}}}}}}}}}}}}}...----- }.....}}}}}.}}}}}}}}}}}}}}}....@..| }..`.}}}}}}}}}}}}}}}}}}}}}}...n... }....}}}}}}}}}}}}}}}}}}}}}`..`- }.....}}}}}}}}}}}}}}}}}}}}}}!.| }......}}}}}}}}}}}}}}}}}}}}}}'----------------- }}}}...}}}}}}} }....<.`}}}}}}}...}}}}}}}}}}}}}}}}}.......}}}}}}}}}}..}}}}}}}}}......}}}}}} }.@...(}}}}}}}}}?....}}}}}}}}}}}}}}}}}}}}}}}}}}}}}}.....}}}}}}.`}}}.}}}}}}} }}..}}}}}}}}}}}}}....}}}}}}}}}}}}}}}}}}}}}}}}}}}}}}}..}}}}}}}}}}}!}}}}}}}}} }}D}}}}}}}}}}}}}}....}}}}}}}}}}}}}}}}}}}}}}}..}}.P}}}}}}}}}}}}}}}}}}}}}}}}} }}}}}}}}}}}}}}}}}}}}}}}}}}}}}}}}}}}}}}}}}}}}}}}}}}}}}}}}}}}}}}}}}}}}}}}}}}} }}}}}}}}}}}}}}}}}}}}}}}}}}}}}}}}}}}}}}}}}}}}}}}}}}}}}}}}}}}}}}}}}}}}}}}}}}} omghax the Rambler Experience level: 1 Strength: 10 Dexterity: 11 Constitution: 12 Intelligence: 13 Wisdom: 8 Charisma: 21 Health: 0(9) Energy: 2(2) Def: 0 Gold: 538 Moves: 59 Dungeon seed: fyRTb9KX_osfO3D0 Game ID: omghax_1498611672 Your Inventory: Coins $ - 538 gold pieces Weapons a - 47 uncursed +2 darts (in quiver) Armor e - an uncursed +0 Hawaiian shirt (being worn) Comestibles b - 5 uncursed food rations c - an uncursed tin of lichen d - an uncursed tripe ration f - an uncursed chestnut g - 2 uncursed cram rations h - an uncursed egg i - an uncursed banana Scrolls l - 3 uncursed scrolls of magic mapping m - a blessed scroll of magic mapping Potions j - a blessed potion of extra healing k - an uncursed potion of extra healing Wands p - an uncursed wand of secret door detection (0:11) Tools n - an uncursed expensive camera (0:40) o - an uncursed credit card q - an uncursed towel Spells and supernatural/magical abilities: Name Level Category Fail Memory W - pray for help -- divine ? -- Your skills at the end: Miscellaneous Skills wands [Basic] Weapon Skills dart [Basic] Spellcasting Skills Final Attributes: You were devoutly aligned. You had infravision. You were very stealthy. You are dead. Voluntary challenges: You went without food. You did not adorn yourself with jewelry or accessories. You did not cause conflict. You were not invisible. You did not have reflection. You were not displaced. You were an atheist. You never hit with a wielded weapon. You were a pacifist. You did not use tools. You did not use plumbed fixtures. You did not drink any magical draughts. You were illiterate. You never genocided any monsters. You never polymorphed an object. You never changed form. You used no wishes. You never split a pudding. You never wrote Elbereth's name. You never violated your personal moral code. Dungeon overview: The Dungeons of Doom: levels 1 to 25 Level 1 a long staircase Level 2 Level 3 Level 4 Level 5 Level 6 Level 7 an altar to Offler a long staircase Level 8 Level 9 Level 10 Level 11 Level 12 Level 13 Level 14 a temple to Offler Level 15 Level 16 Level 17 Level 18 Level 19 Level 20 a fountain Level 21 a fountain Level 22 Level 23 Level 24 Level 25 <- You were here History has recorded: On T:1 you entered the Dungeons of Doom to retrieve the Amulet of Yendor! On T:4 you reached level 2 of The Dungeons of Doom. On T:7 you reached level 3 of The Dungeons of Doom. On T:9 you reached level 4 of The Dungeons of Doom. On T:11 you reached level 5 of The Dungeons of Doom. On T:13 you reached level 6 of The Dungeons of Doom. On T:16 you reached level 7 of The Dungeons of Doom. On T:18 you reached level 8 of The Dungeons of Doom. On T:20 you reached level 9 of The Dungeons of Doom. On T:22 you reached level 10 of The Dungeons of Doom. On T:26 you reached level 11 of The Dungeons of Doom. On T:28 you reached level 12 of The Dungeons of Doom. On T:31 you reached level 13 of The Dungeons of Doom. On T:33 you reached level 14 of The Dungeons of Doom. On T:35 you reached level 15 of The Dungeons of Doom. On T:40 you reached level 17 of The Dungeons of Doom. On T:42 you reached level 18 of The Dungeons of Doom. On T:44 you reached level 19 of The Dungeons of Doom. On T:48 you reached level 20 of The Dungeons of Doom. On T:50 you reached level 21 of The Dungeons of Doom. On T:52 you reached level 22 of The Dungeons of Doom. On T:57 you reached level 24 of The Dungeons of Doom. On T:59 you reached level 25 of The Dungeons of Doom. Score breakdown: Gold: 97 ( 9 points) Experience: 1 level ( 0 points) Exploration: 25 levels ( 720 points) Discoveries: 0 items ( 0 points) Variety of kills: 0 monsters ( 0 points) Major goal: (nothing yet) ( 0 points) Survival: died (score multiplied by 3) Total score: 2187 Latest messages: You see here a pair of jackboots. You start digging downward. You continue digging downward. You dig a pit in the floor. You continue digging downward. You dig a hole through the floor. You fall through... The adjacent object falls through the hole. You start digging downward. You continue digging downward. You dig a pit in the floor. You continue digging downward. You dig a hole through the floor. You fall through... You start digging downward. You continue digging downward. You dig a pit in the floor. You continue digging downward. You dig a hole through the floor. You fall through... The young blue dragon breathes lightning! The blast of lightning hits you! You die... Final status: Aloha omghax the Tourist, killed by a blast of lightning... You died in The Dungeons of Doom on dungeon level 25 with 2187 points, and 538 pieces of gold, after 59 moves. You were level 1 with a maximum of 9 hit points when you died.